 Dungeon Crawl Stone Soup version 0.31-a0-596-g831eee08f1 (webtiles) character file.

Game seed: 8654037198040485596

27 timneilson the Covered (level 3, -1/23 HPs)
             Began as a Gargoyle Fighter on Aug 20, 2023.
             Slain by Terence
             ... wielding a +0 mace
              (4 damage)
             ... on level 2 of the Dungeon.
             The game lasted 00:01:06 (604 turns).

timneilson the Covered (Gargoyle Fighter)            Turns: 604, Time: 00:01:07

Health: -1/23      AC: 10    Str: 19    XL:     3   Next: 10%
Magic:  3/3        EV:  9    Int:  8    God:
Gold:   60         SH:  4    Dex: 11    Spells: 2/2 levels left

rFire   . . .        a - +0 long sword
rCold   . . .        c - +0 buckler
rNeg    + . .        b - +0 scale mail
rPois   ∞            (no helmet)
rElec   +            (no cloak)
rCorr   .            (no gloves)
SInv    .            (no boots)
Will    .....        (no amulet) Stlth
                     (no ring)
HPRegen 0.23/turn    (no ring)
MPRegen 0.08/turn

%: no passive effects
@: no status effects
A: sickness immunity, AC +3, negative energy resistance 1, electricity
resistance, torment resistance 1, petrification resistance
a: no special abilities


You were on level 2 of the Dungeon.
You visited 1 branch of the dungeon, and saw 2 of its levels.

You collected 60 gold pieces.

Inventory:

Hand Weapons
 a - a +0 long sword (weapon)
Armour
 b - a +0 scale mail (worn)
 c - a +0 buckler (worn)
Scrolls
 g - a scroll of fog
Potions
 d - a potion of might
 e - a potion of heal wounds {unknown}
 h - a potion of curing {unknown}
 j - a potion of haste {unknown}


   Skills:
 + Level 3.4 Fighting
 * Level 2.2 Long Blades
 * Level 3.6 Armour
 + Level 0.3 Dodging
 * Level 3.6 Shields


You had 2 spell levels left.
You didn't know any spells.
Your spell library contained the following spells:

 Spells                   Type           Power      Damage    Failure   Level
 Sting                    Tmut/Pois      0%         1d3       85%         1
 Poisonous Vapours        Pois/Air       0%         N/A       94%         2
 Olgreb's Toxic Radiance  Pois           0%         N/A       100%        4


Dungeon Overview and Level Annotations

Branches:
Dungeon (2/15)

Altars:

Annotations:
D:2 Terence


Innate Abilities, Weirdness & Mutations

You are immune to sickness and miasma.
Your stone body is resilient. (AC +3)
You are immune to poison.
You resist negative energy. (rN+)
You are resistant to electric shocks. (rElec)
You are resistant to unholy torment.
You are immune to petrification.


Message History

No target in view!
No target in view!
No target in view!
No target in view!
No target in view!
No target in view!
No target in view!
No target in view!
No target in view!
No target in view!
No target in view!
HP restored.
You now have 60 gold pieces (gained 10).
There is a stone staircase leading up here.
e - a yellow potion Terence the Incautious comes into view.
He is wielding a +0 mace.
Found a scroll of teleportation and a scroll labelled GALECE PISE.
Found a stone staircase leading up.
Terence shouts!
You closely miss Terence. Terence barely misses you.
You hit Terence but do no damage. You block Terence's attack.
You barely miss Terence. Terence closely misses you.
Terence hits you with a +0 mace.
You hit Terence but do no damage. You block Terence's attack.
You closely miss Terence. You block Terence's attack.
You hit Terence but do no damage. Terence hits you with a +0 mace.
You block Terence's attack.
You completely miss Terence. Terence hits you but does no damage.
You barely miss Terence. Terence hits you with a +0 mace!
You barely miss Terence. Terence hits you but does no damage. x2
You closely miss Terence. Terence closely misses you.
You hit Terence but do no damage. Terence hits you with a +0 mace.
* * * LOW HITPOINT WARNING * * *
You hit Terence but do no damage. Terence closely misses you.
You hit Terence.
Terence is lightly wounded.
Terence hits you with a +0 mace.
* * * LOW HITPOINT WARNING * * *
Terence hits you with a +0 mace.
You die...

..... ......# ?..#<
#.......... .....
#.......(.# .... #
.........#. ##..#
.##.......... ..#....
...........#
#......####.........#
#..@@..........#
#.####.<.......# .?
#.##........ ...
##........... ...
###..###.###.#. ..
#....# .. # . #....#
..# #....# ..# #....#
..#


You could see Terence.

Vanquished Creatures
  A ball python (D:1)
  2 endoplasms (D:1)
  A giant cockroach (D:1)
  8 hobgoblins (D:1)
  2 jackals (D:1)
  3 bats (D:1)
  A frilled lizard (D:1)
  A goblin (D:1)
  2 kobolds (D:1)
  3 rats
24 creatures vanquished.

Notes
Turn   | Place    | Note
-------+----------+-------------------------------------------
     0 | D:1      | timneilson the Gargoyle Fighter began the quest for the
                  | Orb.
     0 | D:1      | Reached XP level 1. HP: 14/14 MP: 1/1
   118 | D:1      | Reached XP level 2. HP: 19/19 MP: 2/2
   308 | D:1      | Reached XP level 3. HP: 17/23 MP: 3/3
   589 | D:2      | Noticed Terence
   604 | D:2      | Slain by Terence

Illustrated notes

Levels and vault maps discovered:
D:1:      minmay_arrival_stair_chambers, layout_basic, minmay_pentomino_z4
D:2:      layout_rooms, ebering_ecumenical_altar_abandoned, uniq_terence

Skill      XL: |  1 |
---------------+----+-----
Long Blades    | 2 |  2.2
Fighting       | |  3.4
Armour         | |  3.6
Dodging        | |  0.3
Shields        | |  3.6

Action                     || total
---------------------------++-------
  Melee: Long sword        ||    94
    Use: Scroll            ||     4
 Armour: Scale mail        ||    63
  Dodge: Dodged            ||    49
  Block: Buckler           ||    20

Table legend: (Time is in decaauts)
 A = Elapsed time spent in this place.
 B = Non-inter-level travel time spent in this place.
 C = Inter-level travel time spent in this place.
 D = Time resting spent in this place.
 E = Time spent auto-exploring this place.
 F = Levels seen in this place.
 G = Mean time per level.
                   A        B        C        D        E       F      G
               +--------+--------+--------+--------+--------+-----+--------+
         Total |    635 |    623 |     12 |     31 |    391 |   2 |  317.5 |
       Dungeon |    635 |    623 |     12 |     31 |    391 |   2 |  317.5 |
               +--------+--------+--------+--------+--------+-----+--------+

Top non-repeatable levels by time:
     D:1: 588 daAuts
     D:2: 47 daAuts
